 Dungeon Crawl Stone Soup version 0.31-a0-1074-g0b22e4e0f1 (webtiles) character file.

Game seed: 830782649657509933

4589 drugrobin the Martial Artist (level 9, -4/68 HPs)
             Began as a Demigod Delver on Dec 6, 2023.
             Killed by the air
             ... invoked by a wind drake
              (19 damage)
             ... on level 9 of the Dungeon.
             The game lasted 00:22:50 (10429 turns).

drugrobin the Martial Artist (Demigod Delver)      Turns: 10429, Time: 00:22:51

Health: -4/68      AC:  3    Str: 13    XL:     9   Next: 99%
Magic:  0/11       EV: 15    Int: 12    God:
Gold:   440        SH:  0    Dex: 27    Spells: 8/8 levels left

rFire   . .          .
                       - Unarmed
rCold   . . .        (no shield)
rNeg    . . .        P - +0 troll leather armour
rPois   +            (helmet currently unavailable)
rElec   .            (cloak currently unavailable)
rCorr   .            t - melded +2 pair of gloves
SInv    .            (boots currently unavailable)
Will    .....        J - amulet of guardian spirit
Stlth   +++          r - ring of poison resistance
HPRegen 1.11/turn    (no ring)
MPRegen 0.12/turn

%: guardian spirit
@: beast-form
A: beast (slay +3), high MP 1, forlorn, divine attributes
a: Begin Untransformation


You were on level 9 of the Dungeon.
You were a hulking beast.
You visited 1 branch of the dungeon, and saw 10 of its levels.

You collected 440 gold pieces.

Inventory:

Hand Weapons
 c - a +2 spear of venom
Missiles
 B - 4 javelins
 C - 48 poisoned darts
 D - 8 boomerangs (quivered)
Armour
 t - a +2 pair of gloves (melded)
 K - a scarf of repulsion
 O - a +1 pair of boots
 P - a +0 troll leather armour (worn)
Magical Staves
 L - a staff of death
Jewellery
 o - an amulet of the acrobat
 r - a ring of poison resistance (left hand)
 E - an amulet of magic regeneration
 J - an amulet of guardian spirit (around neck)
Talismans
 v - a beast talisman (active)
Wands
 f - a wand of digging (3)
 F - a wand of polymorph (5)
 M - a wand of acid (10)
 N - a wand of flame (13)
Scrolls
 a - a scroll of brand weapon {unknown}
 b - 4 scrolls of fog
 d - a scroll of fear
 e - 2 scrolls of poison {unknown}
 g - 6 scrolls of identify {unknown}
 j - a scroll of revelation
 l - 3 scrolls of vulnerability {unknown}
 w - a scroll of noise {unknown}
 y - a scroll of enchant armour {unknown}
 G - 4 scrolls of teleportation {unknown}
 I - 2 scrolls of amnesia {unknown}
Potions
 h - 2 potions of enlightenment {unknown}
 k - 2 potions of mutation {unknown}
 m - 3 potions of heal wounds
 n - 3 potions of haste
 p - 3 potions of might {unknown}
 s - a potion of attraction {unknown}
 u - 3 potions of curing {unknown}
 z - a potion of resistance {unknown}
 A - 4 potions of cancellation {unknown}


   Skills:
 - Level 2.6 Fighting
 - Level 4.0 Dodging
 - Level 4.5 Stealth
 * Level 11.1 Unarmed Combat
 + Level 0.2 Evocations
 + Level 6.7 Shapeshifting


You had 8 spell levels left.
You didn't know any spells.
Your spell library contained the following spells:

 Spells                   Type           Power      Damage    Failure   Level
 Sandblast                Erth           0%         2d4       38%         1
 Slow                     Hex            0%         N/A       38%         1
 Lesser Beckoning         Tloc           0%         N/A       54%         2
 Passwall                 Tmut/Erth      0%         N/A       54%         2
 Sublimation of Blood     Necr           0%         N/A       54%         2
 Confusing Touch          Hex            0%         N/A       77%         3
 Gell's Gravitas          Tloc           0%         N/A       77%         3
 Sigil of Binding         Hex            0%         N/A       77%         3
 Stone Arrow              Conj/Erth      0%         3d7       77%         3
 Teleport Other           Tloc           0%         N/A       77%         3
 Vampiric Draining        Necr           0%         2d6       77%         3
 Brom's Barrelling Bould  Conj/Erth      0%         2d3       99%         4
 Petrify                  Tmut/Erth      0%         N/A       99%         4
 Irradiate                Conj/Tmut      0%         3d11      100%        5


Dungeon Overview and Level Annotations

Branches:
Dungeon (10/15)            Temple (0/1) D:7
   Lair: D:8-11         Orc: D:9-12

Shops:
D:4 [   D:6 *   D:8 :

Portals:
Abyss: D:5

Annotations:
D:5 2 transporters, exclusion: scorpion, bronco's ghost, novice DjCj


Innate Abilities, Weirdness & Mutations

You are a hulking beast.
Your limbs bulge with bestial killing power. (Slay +3)
You have an increased reservoir of magic. (+10% MP)
You shall have no god before yourself.
Your divine heritage dramatically boosts your attributes as you level up.


Message History

The wind drake bites you!
You miss the wind drake.
The wind drake is lightly wounded.
You hit the wind drake.
The wind drake is moderately wounded.
The wind drake bites you.
You punch the wind drake!
The wind drake is heavily wounded.
The wind drake flaps its wings at you. The air twists around and strikes you!!
You hit the wind drake.
The wind drake is heavily wounded.
The wind drake flaps its wings at you. The air twists around and strikes you!
You closely miss the wind drake.
The wind drake is heavily wounded.
The wind drake barely misses you.
You closely miss the wind drake.
The wind drake is heavily wounded.
The wind drake bites you.
You miss the wind drake.
The wind drake is heavily wounded.
You barely miss the wind drake.
The wind drake is heavily wounded.
The wind drake bites you!
You miss the wind drake.
The wind drake is heavily wounded.
You closely miss the wind drake.
The wind drake is heavily wounded.
The wind drake flaps its wings at you. The air twists around and strikes you!!
* * * LOW HITPOINT WARNING * * *
Aiming: Corrosive Bolt
Press: ? - help, Shift-Dir - straight line, f/p - wind drake
Aim: a wind drake (severely wounded, repelling missiles, poisoned, slow, 41% to hit)
The bolt of acid misses the wind drake.
You hear a shout!
The wind drake flaps its wings at you. The air twists around and strikes you!!
You die...

####.......#.#.####.
..........##.#.# #.
##.#.....###.#.# #.
#.##.#.####.#.####.
#.#................
#
#.#..#[#####..####.
#.. #.#..#.# #..# #.
.....#.#..#.# #.##
#. #......hk...# #.#
#. ....##.>###.# #.#
#. # ...(# #.# #.#
#. ##...# #.# .#. #.
#(... # # ...#. ###.
. ## .#


You could see a wind drake (repels missiles, poisoned, slow).

Vanquished Creatures
  A two-headed ogre (D:10)
  2 wraiths
  5 yaks
  2 steam dragons
  A water moccasin (D:6)
  A swamp drake (D:10)
  2 sky beasts
  2 ice beasts (D:7)
  An orc warrior (D:8)
  A black bear (D:8)
  2 ogres
  A centaur (D:8)
  A phantom (D:5)
  4 kobold brigands
  3 bullfrogs
  2 scorpions
  3 wights (D:8)
  5 orc priests
  3 hounds
  A gnoll bouda (D:9)
  3 jellies
  5 iguanas
  10 orc wizards
  4 gnolls (D:9)
  5 adders
  A river rat (D:6)
  A worm (D:2)
  6 dart slugs
  25 orcs
  3 endoplasms
  8 giant cockroaches
  6 goblins
  6 hobgoblins
  8 jackals
  27 kobolds
  3 quokkas
  5 ball pythons
  7 bats
  15 frilled lizards
  5 rats
196 creatures vanquished.

Notes
Turn   | Place    | Note
-------+----------+-------------------------------------------
     0 | D:5      | drugrobin the Demigod Delver began the quest for the Orb.
     0 | D:5      | Reached XP level 1. HP: 18/18 MP: 3/3
    48 | D:5      | Reached skill level 2 in Unarmed Combat
    87 | D:5      | Noticed a scorpion
   101 | D:5      | Noticed a scorpion
   154 | D:5      | Found a transporter.
   172 | D:4      | Noticed an iguana
   199 | D:4      | Noticed a hound
   222 | D:4      | Noticed an orc priest
   544 | D:3      | Reached XP level 2. HP: 21/25 MP: 4/4
   743 | D:2      | Reached skill level 3 in Unarmed Combat
   762 | D:2      | HP: 1/25 [adder (2)]
   931 | D:1      | Reached XP level 3. HP: 28/30 MP: 5/5
  2011 | D:2      | Reached skill level 4 in Unarmed Combat
  2011 | D:2      | Reached XP level 4. HP: 35/37 MP: 6/6
  2524 | D:3      | Reached skill level 1 in Shapeshifting
  3222 | D:4      | Reached XP level 5. HP: 12/42 MP: 7/7
  3522 | D:4      | Found Eshit's Armour Shop.
  3610 | D:4      | Reached skill level 5 in Unarmed Combat
  3966 | D:4      | Reached XP level 6. HP: 41/50 MP: 8/8
  4188 | D:5      | Reached skill level 6 in Unarmed Combat
  4295 | D:5      | Found a transporter.
  4332 | D:5      | Noticed a toenail golem
  4333 | D:5      | Found a one-way gate to the infinite horrors of the Abyss.
  4333 | D:5      | Noticed bronco's ghost (novice DjCj)
  4512 | D:5      | Reached XP level 7. HP: 24/56 MP: 9/9
  4963 | D:6      | Found Huiwop's Neck Hole.
  4986 | D:6      | Reached skill level 7 in Unarmed Combat
  5776 | D:6      | Reached XP level 8. HP: 45/62 MP: 10/10
  6117 | D:7      | Found a staircase to the Ecumenical Temple.
  6177 | D:7      | Noticed an angel
  6283 | D:7      | Reached skill level 8 in Unarmed Combat
  6714 | D:7      | Reached skill level 5 in Shapeshifting
  6753 | D:7      | Reached skill level 9 in Unarmed Combat
  7091 | D:7      | Noticed a rust devil
  7731 | D:8      | Reached XP level 9. HP: 17/68 MP: 2/11
  8297 | D:8      | Reached skill level 10 in Unarmed Combat
  9039 | D:8      | Found Guynilod's Book Boutique.
  9836 | D:9      | Noticed a two-headed ogre
  9925 | D:10     | Entered Level 10 of the Dungeon
 10129 | D:10     | Noticed a two-headed ogre
 10148 | D:10     | Killed a two-headed ogre
 10149 | D:10     | Reached skill level 11 in Unarmed Combat
 10429 | D:9      | Killed from afar by a wind drake

Illustrated notes

Levels and vault maps discovered:
D:1:      lightli_arrival_windingriver, layout_loops_cross,
          kennysheep_nondescript
D:2:      layout_basic, basic_altar, minmay_lizard_king
D:3:      minmay_door_path, layout_loops_ring
D:4:      layout_loops_corners, okawaru_gym_becter, serial_shops,
          nicolae_shop_competitors_out_of_business, hangedman_decor_riveting,
          kennysheep_boxes
D:5:      layout_rooms, cheibrodos_ashenzari_chains,
          gammafunk_ghost_abyssal_escape
D:6:      layout_basic, marbit_many_paths, lemuel_coloured_pillars_altar,
          mainiacjoe_overflow_alcove_2, nicolae_shop_sticking_my_neck_out
D:7:      layout_cave_pods, temple_garden
D:8:      layout_layer_cave, old_standard_altar, serial_shops,
          nicolae_shop_peninsula
D:9:      layout_loops_ring
D:10:     layout_irregular_city, grunt_ministairs_15

Skill      XL: |  1  2  3  4  5  6  7  8  9 |
---------------+----------------------------+-----
Unarmed Combat | 2 3 4 5 6 7 9 11 | 11.1
Shapeshifting  | 1 2 3 4 5 6 |  6.7
Dodging        | 4 |  4.0
Fighting       | |  2.6
Stealth        | |  4.5
Evocations     | |  0.2

Action                     |  1- 3 |  4- 6 |  7- 9 || total
---------------------------+-------+-------+-------++-------
  Melee: Unarmed           |   248 |   197 |   328 ||   773
         Punch             |     3 |     6 |    22 ||    31
         Spear             |       |       |    15 ||    15
  Throw: Javelin           |       |     4 |     2 ||     6
         Dart              |       |     4 |    11 ||    15
         Boomerang         |       |     3 |    36 ||    39
  Evoke: Wand              |       |       |    11 ||    11
    Use: Potion            |     2 |       |       ||     2
         Scroll            |     1 |       |       ||     1
   Stab: Sleeping          |     3 |     1 |     1 ||     5
         Distracted        |       |       |     1 ||     1
 Armour: Leather armour    |    75 |       |       ||    75
         Scale mail        |    61 |    17 |       ||    78
         Plate armour      |       |   126 |    90 ||   216
         Steam dragon scal |       |       |   123 ||   123
         Troll leather arm |       |       |     9 ||     9
  Dodge: Dodged            |   149 |    50 |   168 ||   367
   Form: Beast             |     1 |       |       ||     1

Table legend: (Time is in decaauts)
 A = Elapsed time spent in this place.
 B = Non-inter-level travel time spent in this place.
 C = Inter-level travel time spent in this place.
 D = Time resting spent in this place.
 E = Time spent auto-exploring this place.
 F = Levels seen in this place.
 G = Mean time per level.
                   A        B        C        D        E       F      G
               +--------+--------+--------+--------+--------+-----+--------+
         Total |  10353 |   9870 |    483 |   1400 |   6097 |  10 | 1035.3 |
       Dungeon |  10353 |   9870 |    483 |   1400 |   6097 |  10 | 1035.3 |
               +--------+--------+--------+--------+--------+-----+--------+

Top non-repeatable levels by time:
     D:8: 2119 daAuts
     D:7: 1468 daAuts
     D:6: 1203 daAuts
     D:4: 1172 daAuts
     D:2: 997 daAuts
     D:5: 906 daAuts
     D:3: 827 daAuts
     D:1: 821 daAuts
    D:10: 432 daAuts
     D:9: 404 daAuts
